 Dungeon Crawl Stone Soup version 0.29.1-2-gbd0b4ee654 (webtiles) character file.

Game seed: 2130874209748139207

22415 zeram the Severer (level 12, -4/108 HPs)
             Began as a Minotaur Fighter on Nov 12, 2022.
             Was an Initiate of Gozag.
             Slain by an orc warlord
             ... wielding a +0 great sword of freezing
              (17 damage)
             ... on level 2 of the Orcish Mines.
             The game lasted 00:30:12 (10864 turns).

zeram the Severer (Minotaur Fighter)               Turns: 10864, Time: 00:30:12

Health: -4/108     AC: 29    Str: 21    XL:     12   Next: 62%
Magic:  11/11      EV:  6    Int:  5    God:    Gozag
Gold:   1966       SH: 17    Dex: 11    Spells: 11/11 levels left

rFire   + . .      SeeInvis .   a - +0 war axe
rCold   . . .      Faith    .   y - +1 tower shield
rNeg    . . .      Spirit   .   w - +6 plate armour "Joem" {rElec rCorr Str-4}
rPois   .          Reflect  .   (helmet restricted)
rElec   +          Harm     .   x - +0 cloak
rCorr   +          Rampage  .   (no gloves)
Will    .....                   u - +0 pair of boots
Stlth   ..........              e - amulet of regeneration
HPRegen 1.08/turn               d - ring of protection from fire
MPRegen 0.12/turn               G - +4 ring of protection

@: about to teleport, marked, gold aura
A: horns 2, retaliatory headbutt
a: Renounce Religion, Potion Petition, Call Merchant, Bribe Branch


You were on level 2 of the Orcish Mines.
You worshipped Gozag.
Gozag was most pleased with you.
You visited 3 branches of the dungeon, and saw 15 of its levels.

You collected 3528 gold pieces.
You spent 954 gold pieces at shops.
You paid 608 gold pieces to Gozag.

Inventory:

Hand Weapons
 a - a +0 war axe (weapon)
 s - a +2 flail of holy wrath
Missiles
 z - 3 throwing nets (quivered)
Armour
 b - a +0 scale mail
 c - a +0 buckler
 n - +0 acid dragon scales
 u - a +0 pair of boots (worn)
 w - the +6 plate armour "Joem" (worn) {rElec rCorr Str-4}
   (You found it on level 8 of the Dungeon)

   Str:       It affects your strength (-4).
   rElec:     It insulates you from electricity.
   rCorr:     It protects you from acid and corrosion.
 x - a +0 cloak (worn)
 y - a +1 tower shield (worn)
Jewellery
 d - a ring of protection from fire (left hand)
 e - an amulet of regeneration (around neck)
 p - a +6 ring of strength
 G - a +4 ring of protection (right hand)
Wands
 f - a wand of flame (26)
 i - a wand of paralysis (3)
 l - a wand of polymorph (12)
 o - a wand of iceblast (10)
 v - a wand of acid (10)
 E - a wand of mindburst (19)
Scrolls
 j - a scroll of summoning
 k - 2 scrolls of fear
 m - 2 scrolls of immolation
 r - 3 scrolls of teleportation
 C - 2 scrolls of torment
 D - 5 scrolls of magic mapping
 I - a scroll of identify
 J - a scroll of blinking
Potions
 g - 3 potions of curing
 h - 4 potions of heal wounds
 q - 3 potions of magic
 t - 3 potions of flight
 B - a potion of brilliance
 F - 2 potions of berserk rage


   Skills:
 + Level 10.9 Fighting
 + Level 15.5 Axes
 + Level 13.2 Armour
 + Level 4.3 Dodging
 + Level 11.7 Shields


You had 11 spell levels left.
You didn't know any spells.
Your spell library contained the following spells:

 Spells                   Type           Power      Damage    Failure   Level
 Freeze                   Ice            0%         1d3       100%        1
 Necrotise                Necr           0%         1d4       100%        1
 Scorch                   Fire           0%         2d5       100%        2
 Call Canine Familiar     Summ           0%         N/A       100%        3
 Dazzling Flash           Conj/Hex       0%         N/A       100%        3
 Frozen Ramparts          Ice            0%         1d1       100%        3
 Gell's Gravitas          Tloc           0%         N/A       100%        3
 Portal Projectile        Hex/Tloc       0%         N/A       100%        3
 Teleport Other           Tloc           0%         N/A       100%        3
 Vampiric Draining        Necr           0%         2d6       100%        3
 Flame Wave               Conj/Fire      0%         2d4       100%        4
 Hailstorm                Conj/Ice       0%         3d3       100%        4
 Iskenderun's Mystic Bla  Conj/Tloc      0%         2d3       100%        4
 Leda's Liquefaction      Hex/Erth       0%         N/A       100%        4
 Agony                    Necr           0%         N/A       100%        5
 Dispersal                Tloc           0%         N/A       100%        6
 Starburst                Conj/Fire      0%         6d3       100%        6
 Summon Cactus Giant      Summ           0%         N/A       100%        6


Dungeon Overview and Level Annotations

Branches:
Dungeon (12/15)            Temple (1/1) D:6            Lair (0/5) D:10
    Orc (2/2) D:12            Elf (0/3) Orc:2

Altars:
Ashenzari
Cheibriados
Dithmenos
Elyvilon
Fedhas
Gozag
Hepliaklqana
Kikubaaqudgha
Makhleb
Nemelex Xobeh
Okawaru
Qazlal
Sif Muna
Trog
Uskayaw
Vehumet
Wu Jian
Xom
Yredelemnul
Zin
The Shining One

Shops:
D:10 *   D:12 :


Innate Abilities, Weirdness & Mutations

You have a pair of horns on your head.
You reflexively headbutt those who attack you in melee.


Message History

The sixfirhy is distracted by your dazzling golden aura.
The orc barely misses you.
The orc high priest prays to Beogh.
The orc knight roars a battlecry!
You block the orc warrior's attack.
An orc knight comes into view. It is wielding a +0 war axe.
You barely miss the orc warrior. Your headbutt misses the orc warrior.
The orc warrior is heavily wounded.
The sixfirhy is no longer distracted by gold.
The orc priest is no longer distracted by gold.
An orc warrior comes into view. It is wielding a +0 war axe.
The orc knight roars a battlecry!
The orc sorcerer mumbles some strange words.
You feel disoriented.
The orc sorcerer mumbles some strange words.
You block the orc's attack.
An orc sorcerer comes into view.
It is wielding a +2 dagger of venom and wearing a +2 robe of willpower.
As you read the scroll of teleportation, it crumbles to dust.
You feel strangely unstable.
The orc knight roars a battlecry!
The orc is distracted by your dazzling golden aura.
The orc shouts!
You slash the orc warlord!
You headbutt the orc warlord, but do no damage.
The orc warlord is lightly wounded.
The orc sorcerer is distracted by your dazzling golden aura.
The orc knight roars a battlecry!
The orc warlord roars a battlecry!
The orc knight goes into a battle-frenzy!
The orc wizard is distracted by your dazzling golden aura.
The orc wizard shouts!
You hit the orc warlord but do no damage.
The orc warlord is lightly wounded.
The orc sorcerer is no longer distracted by gold.
The orc warrior hits you from afar with a +0 halberd!
An orc wizard comes into view. It is wielding a +0 dagger.
The orc knight roars a battlecry!
The orc warlord hits you with a +0 great sword of freezing!!!
* * * LOW HITPOINT WARNING * * *
The orc warlord freezes you!
You die...
Your body crumbles into a pile of gold.

..................
......#..........#
.#####.......####
##.......#
##....### #....#
## ######..##
##.####.#.#...#
#..@#.o..3....##
##.$oo3oo4.....#
##.#oooooo.#.##
#####oooo.###
..oooo...#
###oooo.###


ooooo... ..o.oo...# #...oo..o.# You could see an orc warlord (strong), 2 orc
knights, 2 orc high priests, a hellwing (summoned), a sixfirhy (summoned), an
orc sorcerer (strong), 8 orc warriors, 2 orc priests, 2 orc wizards and 2 orcs.

Vanquished Creatures
  2 boulder beetles
  Erica (D:8)
  4 centaur warriors
  A two-headed ogre (D:11)
  An ogre mage (D:10)
  8 death yaks
  Amaemon (D:9)
  Pikel (D:6)
  A cyclops (D:7)
  Maurice (D:8)
  Maggie (D:6)
  An orange demon (D:9)
  A kobold demonologist (D:12)
  An unseen horror (D:10)
  A komodo dragon (D:10)
  5 trolls
  A queen bee (shapeshifter) (D:10)
  A slime creature (D:10)
  A shadow (D:10)
  5 yaks (D:10)
  3 vampires
  3 wyverns
  2 wraiths
  2 steam dragons
  Grum (D:9)
  A vampire mosquito (D:12)
  Edmund (D:4)
  10 orc warriors
  An ice beast (D:8)
  A sky beast (D:6)
  2 black bears (D:4)
  3 wolves (D:9)
  5 ogres (D:12)
  11 centaurs
  8 kobold brigands
  2 bullfrogs
  5 gnoll sergeants
  A necrophage (D:8)
  5 wights (D:10)
  4 killer bees
  5 howler monkeys
  A crimson imp (D:7)
  3 hounds
  4 orc priests
  2 jellies
  An iguana (D:6)
  Terence (D:3)
  9 orc wizards
  10 gnolls
  10 adders
  A white imp (D:8)
  An ufetubus (D:6)
  A worm (D:3)
  2 dart slugs
  22 orcs
  2 endoplasms
  2 giant cockroaches
  9 goblins
  7 hobgoblins
  10 jackals
  28 kobolds
  A quokka (D:1)
  8 ball pythons
  5 bats
  6 frilled lizards
  8 rats
  A butterfly (D:4)
270 creatures vanquished.

Vanquished Creatures (others)
  A quokka (D:9)
1 creature vanquished.

Grand Total: 271 creatures vanquished

Notes
Turn   | Place    | Note
-------+----------+-------------------------------------------
     0 | D:1      | zeram the Minotaur Fighter began the quest for the Orb.
     0 | D:1      | Reached XP level 1. HP: 19/19 MP: 0/0
   190 | D:1      | Reached XP level 2. HP: 27/27 MP: 1/1
   850 | D:1      | Reached XP level 3. HP: 33/33 MP: 2/2
   853 | D:1      | Reached skill level 3 in Axes
  1086 | D:2      | Reached XP level 4. HP: 30/40 MP: 3/3
  1197 | D:2      | Reached skill level 4 in Axes
  1444 | D:2      | Reached skill level 1 in Dodging
  1709 | D:2      | Identified a scroll of acquirement
  1709 | D:2      | Acquired 1027 gold pieces
  1881 | D:3      | Reached XP level 5. HP: 34/46 MP: 4/4
  2463 | D:3      | Found a glowing golden altar of the Shining One.
  2468 | D:3      | Noticed Terence
  2474 | D:3      | Killed Terence
  2527 | D:3      | Found a basalt altar of Yredelemnul.
  2664 | D:3      | Reached skill level 5 in Axes
  2664 | D:3      | Reached skill level 5 in Armour
  2993 | D:4      | Noticed Edmund
  3004 | D:4      | Killed Edmund
  3005 | D:4      | Reached XP level 6. HP: 16/53 MP: 5/5
  3318 | D:4      | Found an iron altar of Okawaru.
  3335 | D:4      | Reached skill level 6 in Axes
  3584 | D:4      | Found a bloodstained altar of Trog.
  3589 | D:4      | Reached XP level 7. HP: 42/60 MP: 6/6
  3642 | D:4      | Found a shimmering altar of Xom.
  3670 | D:5      | Entered Level 5 of the Dungeon
  3692 | D:5      | Reached skill level 5 in Fighting
  4076 | D:5      | Reached skill level 7 in Axes
  4586 | D:6      | Found a staircase to the Ecumenical Temple.
  4612 | D:6      | Noticed Pikel
  4634 | D:6      | Killed Pikel
  4635 | D:6      | Reached XP level 8. HP: 43/70 MP: 7/7
  4647 | Temple   | Entered the Ecumenical Temple
  4727 | D:6      | Reached skill level 8 in Axes
  4823 | D:6      | Noticed Maggie
  4883 | D:6      | Killed Maggie
  4956 | D:6      | Found an ornate altar of the Wu Jian Council.
  5181 | D:6      | Reached skill level 9 in Axes
  5509 | D:7      | Found a blossoming altar of Fedhas.
  5570 | D:7      | Reached skill level 5 in Shields
  5594 | D:7      | Found an opulent altar of Gozag.
  5640 | D:7      | Became a worshipper of Gozag Ym Sagoz the Greedy
  5732 | D:7      | Reached XP level 9. HP: 74/78 MP: 8/8
  5900 | D:7      | Found a burning altar of Makhleb.
  5902 | D:7      | Found a radiant altar of Vehumet.
  6009 | D:8      | Noticed a +0 dagger
  6009 | D:8      | Noticed a +0 dagger
  6009 | D:8      | Noticed a +0 falchion
  6009 | D:8      | Noticed a +0 falchion
  6009 | D:8      | Noticed a +0 short sword
  6009 | D:8      | Noticed a +0 short sword
  6009 | D:8      | Noticed a +0 spear
  6009 | D:8      | Noticed a +0 spear
  6016 | D:8      | Identified the +6 plate armour "Joem" {rElec rCorr Str-4}
  6037 | D:8      | Found a hide-covered altar of Uskayaw.
  6039 | D:8      | Noticed a cyclops
  6091 | D:7      | Killed a cyclops
  6092 | D:7      | Reached skill level 10 in Axes
  6185 | D:8      | Found a shadowy altar of Dithmenos.
  6187 | D:8      | Found a broken altar of Ashenzari.
  6238 | D:8      | Noticed Erica
  6247 | D:8      | Killed Erica
  6248 | D:8      | Reached skill level 11 in Axes
  6248 | D:8      | Reached skill level 10 in Armour
  6419 | D:8      | Found a shimmering blue altar of Sif Muna.
  6482 | D:8      | Reached XP level 10. HP: 86/86 MP: 9/9
  6547 | D:8      | Noticed Maurice
  6685 | D:8      | Killed Maurice
  7356 | D:9      | Found a white marble altar of Elyvilon.
  7366 | D:9      | Noticed Grum
  7429 | D:9      | Killed Grum
  7543 | D:9      | Noticed Amaemon
  7551 | D:9      | Noticed an orange demon
  7558 | D:9      | Killed Amaemon
  7559 | D:9      | Reached skill level 12 in Axes
  7575 | D:9      | Killed an orange demon
  8006 | D:10     | Entered Level 10 of the Dungeon
  8028 | D:10     | Bought a scroll labelled SEINGUO MITAIPH for 36 gold pieces
  8028 | D:10     | Bought a scroll labelled SEINGUO MITAIPH for 36 gold pieces
  8028 | D:10     | Bought a scroll of identify for 72 gold pieces
  8028 | D:10     | Bought 3 scrolls of magic mapping for 810 gold pieces
  8058 | D:10     | Noticed a death yak
  8058 | D:10     | Noticed a death yak
  8065 | D:10     | Noticed a death yak
  8068 | D:10     | Noticed a death yak
  8069 | D:10     | Noticed a death yak
  8071 | D:10     | Noticed a death yak
  8072 | D:10     | Noticed a death yak
  8074 | D:10     | Killed a death yak
  8074 | D:10     | Noticed a death yak
  8083 | D:10     | Killed a death yak
  8084 | D:10     | Reached XP level 11. HP: 74/95 MP: 10/10
  8240 | D:10     | Noticed a centaur warrior
  8359 | D:10     | Noticed a centaur warrior
  8372 | D:10     | Killed a centaur warrior
  8373 | D:10     | Reached skill level 13 in Axes
  8699 | D:10     | Found a staircase to the Lair.
  8761 | D:10     | Killed a death yak
  8771 | D:10     | Killed a death yak
  8783 | D:10     | Killed a death yak
  8875 | D:9      | Killed a death yak
  8896 | D:10     | Killed a death yak
  8897 | D:10     | Reached skill level 14 in Axes
  8897 | D:10     | Reached skill level 10 in Shields
  8938 | D:10     | Killed a death yak
  9158 | D:10     | Noticed an ogre mage
  9165 | D:10     | Noticed a centaur warrior
  9167 | D:10     | Killed an ogre mage
  9168 | D:10     | Reached skill level 10 in Fighting
  9178 | D:10     | Killed a centaur warrior
  9191 | D:10     | Reached XP level 12. HP: 106/106 MP: 11/11
  9211 | D:10     | Noticed a boulder beetle
  9357 | D:10     | Killed a boulder beetle
  9406 | D:10     | Identified the +6 shortbow of Inconvenience {vorpal, rPois}
  9610 | D:11     | Noticed a centaur warrior
  9615 | D:11     | Killed a centaur warrior
  9615 | D:11     | Noticed a centaur warrior
  9629 | D:11     | Killed a centaur warrior
  9901 | D:11     | Identified the +6 sling "Irphik" {vorpal, rElec}
 10128 | D:11     | Noticed a two-headed ogre
 10137 | D:11     | Killed a two-headed ogre
 10138 | D:11     | Reached skill level 15 in Axes
 10343 | D:12     | Noticed a boulder beetle
 10384 | D:12     | Found Nyx Emm's Self-Improvement Boutique.
 10419 | D:12     | Killed a boulder beetle
 10486 | D:12     | Found a staircase to the Orcish Mines.
 10568 | Orc:1    | Entered Level 1 of the Orcish Mines
 10727 | Orc:2    | Entered Level 2 of the Orcish Mines
 10733 | Orc:2    | Found a staircase to the Elven Halls.
 10843 | Orc:2    | Noticed an orc high priest
 10852 | Orc:2    | Noticed an orc high priest
 10853 | Orc:2    | Noticed an orc high priest
 10857 | Orc:2    | Noticed an orc warlord
 10864 | Orc:2    | Slain by an orc warlord

Illustrated notes

Levels and vault maps discovered:
D:1:      wander_arrival_chamber, layout_rooms, nrook_loot_triangle,
          minmay_door_square
D:2:      layout_basic
D:3:      layout_basic, mainiacjoe_overflow_alcove_1,
          mainiacjoe_overflow_catwalk, uniq_terence
D:4:      layout_cave_pools, trog_ov_bears_minmay, xom_butterflies,
          nicolae_ru_the_path_less_chosen, kennysheep_okawaru_gauntlet,
          minmay_joined_circles, uniq_edmund
D:5:      layout_loops_corners, eino_tiny_chamber
D:6:      layout_basic, nzn_wu_jian_contemplation, minmay_temple_entry_mist,
          uniq_maggie, uniq_pikel
D:7:      layout_basic, grunt_temple_overflow_lords_of_destruction,
          lemuel_round_altar, mainiacjoe_overflow_boulevard
D:8:      layout_basic, nicolae_uskayaw_en_pointe, jmf_multi_god_temple,
          tgw_sif, enter_bailey_3, item_on_display_a, uniq_maurice, uniq_erica
D:9:      layout_cave_pools, elyvilon_altar_4, uniq_amaemon, uniq_grum
D:10:     nicolae_hexawheel, layout_irregular_city, dpeg_lair_monsters,
          nicolae_concentric_dashed_squares_mild, kennysheep_generic_room_7
D:11:     lemuel_ice_spiral_2, layout_basic
D:12:     layout_gridville, kennysheep_orc_monster_closet_entryway,
          nicolae_shop_self_help
Temple:   hellmonk_temple_rainy
Orc:1:    layout_caves, serial_shops, nicolae_shop_waterfront
Orc:2:    st_orc_congregation, layout_diamond_mine, basic_altar,
          david_defended_altar_orc, uniq_erolcha

Skill      XL: |  1  2  3  4  5  6  7  8  9 10 11 12 |
---------------+-------------------------------------+-----
Shields        | 4 5 6 8 10 11 | 11.7
Armour         | 4 5 7 8 10 11 12 13 | 13.2
Axes           | 3 4 5 6 7 9 11 12 14 15 | 15.5
Fighting       | 4 5 6 7 8 10 | 10.9
Dodging        | 1 2 3 4 |  4.3

Action                   |  1- 3 |  4- 6 |  7- 9 | 10-12 || total
-------------------------+-------+-------+-------+-------++-------
Melee: War axe           |    84 |   112 |   146 |   694 ||  1036
       Headbutt          |     6 |    17 |    34 |   181 ||   238
Invok: Call Merchant     |       |       |       |     1 ||     1
  Use: Potion            |     1 |     1 |     1 |     3 ||     6
       Scroll            |       |    11 |     7 |    11 ||    29
 Stab: Distracted        |       |       |       |     3 ||     3
Armor: Scale mail        |    47 |    60 |    17 |       ||   124
       Acid dragon scale |       |       |    19 |       ||    19
       Plate armour      |       |       |    37 |   535 ||   572
Dodge: Dodged            |    45 |    58 |    62 |   128 ||   293
Block: Buckler           |    20 |    21 |    16 |       ||    57
       Tower shield      |       |       |    39 |   594 ||   633
